 Dungeon Crawl Stone Soup version 0.26-a0-597-gb535b0901c (webtiles) character file.

Game seed: 18346893763861641319

48497 xip the Unseen (level 14, 0/72 HPs)
             Began as a Spriggan Berserker on Sept 1, 2020.
             Was the Champion of Trog.
             Succumbed to a meliai's poison
             ... on level 15 of the Dungeon.
             The game lasted 00:56:01 (21650 turns).

xip the Unseen (Spriggan Berserker)                Turns: 21650, Time: 00:56:02

Health: 0/72       AC:  7    Str: 28    XL:     14   Next: 12%
Magic:  15/15      EV: 34    Int: 12    God:    Trog [******]
Gold:   1824       SH: 10    Dex: 23    Spells: 13/13 levels left

rFire    + . .     SeeInvis +   o - +11 eveningstar "Doahiecuhi" {flame, *Contam rC++ Str+3 Stlth+}
rCold    + + +     Faith    +   K - +1 buckler of Daisies {-Cast Rampage +Inv Str+6}
rNeg     + . .     Spirit   .   l - +2 robe of Ganicul {-Cast rCorr Dex+6}
rPois    .         Reflect  .   S - +1 hat of Good Intentions {+Inv rC+++ Int+4 Stlth-}
rElec    .         Harm     .   (no cloak)
rCorr    +         NoCast   +   (gloves unavailable)
MR       ++++.                  (boots unavailable)
Stlth    ++++++++..             Y - amulet of faith
HPRegen  1.22/turn              i - +4 ring of evasion
MPRegen  0.14/turn              y - ring of Wuenorah {rF+ rC+ rN+ Stlth+}

@: lethally poisoned (0 -> -6), berserk cooldown, regenerating, slowed, studying
Armour, quick
A: very small, unfitting armour, icy blue scales 1, see invisible, speed 3,
strong 1, subdued magic 1
a: Berserk, Trog's Hand, Brothers in Arms, Renounce Religion, Evoke Invisibility


You were on level 15 of the Dungeon.
You worshipped Trog.
Trog was exalted by your worship.
You visited 1 branch of the dungeon, and saw 15 of its levels.
You also visited: Ossuary, Bailey, Gauntlet and Ice Cave.

You collected 2326 gold pieces.
You spent 502 gold pieces at shops.

Inventory:

Hand Weapons
 a - a +7 quick blade of electrocution
 o - the +11 eveningstar "Doahiecuhi" (weapon) {flame, *Contam rC++ Str+3 Stlth+}
   (Trog gifted it to you on level 13 of the Dungeon)

   It has been specially enchanted to burn those struck by it, causing extra
   injury to most foes and up to half again as much damage against particularly
   susceptible opponents.
   It affects your strength (+3).
   It greatly protects you from cold.
   It causes magical contamination when unequipped.
   It makes you more stealthy.
 N - the +10 scimitar "Cetedwul" {flame, rElec Str-4 SInv}
   (Trog gifted it to you on level 14 of the Dungeon)

   It has been specially enchanted to burn those struck by it, causing extra
   injury to most foes and up to half again as much damage against particularly
   susceptible opponents.
   Big, fiery blades are also staple armaments of hydra-hunters.
   It affects your strength (-4).
   It insulates you from electricity.
   It lets you see invisible.
Missiles
 d - 27 poisoned darts (quivered)
 v - 4 atropa-tipped darts
 O - 11 boomerangs
Armour
 l - the +2 robe of Ganicul (worn) {-Cast rCorr Dex+6}
   (You found it on level 6 of the Dungeon)

   It affects your dexterity (+6).
   It prevents spellcasting.
   It provides partial protection from all sources of acid and corrosion.
 J - a +1 robe of magic resistance
 K - the +1 buckler of Daisies (worn) {-Cast Rampage +Inv Str+6}
   (You found it on level 8 of the Dungeon)

   It affects your strength (+6).
   It lets you turn invisible.
   It prevents spellcasting.
   It bestows one free step when moving towards enemies.
 R - a +2 hat
 S - the +1 hat of Good Intentions (worn) {+Inv rC+++ Int+4 Stlth-}
   (You found it in a Gauntlet)

   It affects your intelligence (+4).
   It renders you almost immune to cold.
   It lets you turn invisible.
   It makes you less stealthy.
Jewellery
 i - a +4 ring of evasion (left hand)
 w - an uncursed ring of flight
 y - the ring of Wuenorah (right hand) {rF+ rC+ rN+ Stlth+}
   (You found it on level 6 of the Dungeon)

   [ring of positive energy]

   It protects you from fire.
   It protects you from cold.
   It protects you from negative energy.
   It makes you more stealthy.
 z - the ring of Wanna {Ice Int+2}
   (You found it on level 9 of the Dungeon)

   [ring of ice]

   It enhances your ice magic.
   It affects your intelligence (+2).
   It makes you vulnerable to fire.
   It protects you from cold.
 M - an uncursed ring of fire
 T - an uncursed ring of fire
 W - an uncursed ring of resist corrosion
 Y - an amulet of faith (around neck)
Wands
 g - a wand of enslavement (14)
 B - a wand of digging (5)
 D - a wand of disintegration (8)
 F - a wand of flame (24)
 U - a wand of polymorph (11)
 V - a wand of acid (10)
 Z - a wand of iceblast (8)
Scrolls
 f - 3 scrolls of teleportation
 h - 9 scrolls of remove curse
 m - 2 scrolls of fog
 q - 6 scrolls of magic mapping
 r - a scroll of enchant weapon
 u - 6 scrolls of immolation
 C - 3 scrolls of enchant armour
 G - 2 scrolls of blinking
 H - a scroll of identify
 I - 3 scrolls of fear
Potions
 c - 4 potions of flight
 e - a potion of resistance
 j - 4 potions of curing
 k - 7 potions of lignification
 n - a potion of ambrosia
 p - 4 potions of might
 s - 2 potions of magic
 t - 5 potions of stabbing
 x - 2 potions of berserk rage
 A - 5 potions of brilliance
 E - 2 potions of heal wounds
 P - 3 potions of cancellation
 Q - a potion of haste
Books
 L - a manual of Armour
Miscellaneous
 X - a tin of tremorstones (3/3)


   Skills:
 - Level 7.5 Fighting
 - Level 9.2(9.8) Short Blades
 - Level 3.9(6.0) Long Blades
 + Level 7.8 Maces & Flails
 - Level 7.1 Throwing
 - Level 11.5 Dodging
 - Level 17.1 Stealth
 - Level 7.1 Shields
 - Level 8.2 Evocations


You had 13 spell levels left.
You didn't know any spells.
Your spell library contained the following spells:

 Spells                   Type           Power        Failure   Level
 Freeze                   Ice            #...         28%         1
 Summon Small Mammal      Summ           #...         28%         1
 Call Imp                 Summ           #.......     41%         2
 Call Canine Familiar     Summ           #.......     65%         3
 Frozen Ramparts          Ice            #.....       65%         3
 Ozocubu's Armour         Ice            #.......     65%         3
 Summon Guardian Golem    Hex/Summ       #.......     65%         3
 Hailstorm                Conj/Ice       #.......     96%         4
 Summon Ice Beast         Ice/Summ       #.......     96%         4
 Summon Lightning Spire   Summ/Air       #.......     96%         4


Dungeon Overview and Level Annotations

Branches:
Dungeon (15/15)            Temple (0/1) D:4            Lair (0/6) D:8
    Orc (0/2) D:12         Vaults (0/5) D:14        Ossuary (visited)
 Bailey (visited)           IceCv (visited)         Gauntlet (visited)
 Depths: D:15

Altars:
Cheibriados
Dithmenos
Hepliaklqana
Ru
Sif Muna
Wu Jian
Yredelemnul
Zin
The Shining One

Shops:
D:4 ?   D:6 ?   D:13 *([

Portals:
Trove: D:14 (lose all piety)

Annotations:
D:3 p0werm0de's ghost, amateur MiFi
D:8 3 runed translucent doors, sigonnn's ghost, novice GrFi
D:13 exclusion: downstairs
D:14 3 runed translucent doors, Usocoiph's ghost, adept HaHu


Innate Abilities, Weirdness & Mutations

You are very small and have problems with some larger weapons.
You are too small for most types of armour.
You have supernaturally acute eyesight. (SInv)
You cover ground extremely quickly.
You are partially covered in icy blue scales. (AC +2)
Your muscles are strong. (Str +2)
Your spells are a little easier to cast, but a little less powerful.


Message History

You sock the meliai! You burn the meliai.
The meliai is severely wounded.
* * * LOW HITPOINT WARNING * * *
You feel sick. The meliai completely misses you. x2
You block the orc's attack.
You puncture the meliai! You burn the meliai.
You kill the meliai!
Trog accepts your kill.
* * * LOW HITPOINT WARNING * * *
You feel sick.
An orc warrior comes into view. It is wielding a +0 hand axe.
You are too berserk!
The orc warrior shouts!
You impale the orc!! You burn the orc.
You kill the orc!
Trog accepts your kill.
You are no longer berserk.
You are exhausted.
You feel yourself slow down.
You die...

# #........#
#.#........#
o#.#........#
......[....#
#o........#
#..o......#
#..#...)))...#
#..#...)@....#
..#.........#
######
............#
#.....
.#..#.#.######
#.####
#...........##
#.#
##...........#
#.#
#...........#
#.#
#.........#.#
#.#
##..#####รท#.#
#.#


You could see an orc warrior and 2 orcs.

Vanquished Creatures
  Rupert (D:13)
  A minotaur (Gauntlet)
  Snorg (D:11)
  A vault guard (D:14)
  A hydra (D:12)
  A centaur warrior (D:14)
  A death knight (D:10)
  A catoblepas (D:14)
  3 two-headed ogres
  A death yak (D:14)
  A soul eater (Gauntlet)
  A glowing orange brain (D:8)
  A death drake (Gauntlet)
  An unseen horror (D:14)
  A swamp dragon (D:13)
  A wizard (Gauntlet)
  3 wolf spider zombies
  An orc knight (Bailey)
  17 ugly things
  2 manticores (D:15)
  A spectral centaur (Gauntlet)
  3 cyclopes
  Joseph (D:8)
  2 ice statues (IceCv)
  A spectral redback (Gauntlet)
  2 gargoyles
  2 kobold demonologists (Bailey)
  7 yaktaurs
  3 freezing wraiths (D:10)
  A komodo dragon (shapeshifter) (D:13)
  2 ice devils (D:14)
  3 trolls
  3 meliai (D:15)
  A tengu conjurer (D:14)
  2 polar bears (D:14)
  Grinder (D:4)
  3 hippogriffs
  2 centaur simulacra (D:14)
  A shadow (D:13)
  A tarantella (shapeshifter) (D:14)
  5 wyverns
  30 yaks
  3 wraiths
  A water moccasin (D:10)
  10 ice beasts
  3 black bears
  11 orc warriors
  7 sky beasts
  A phantom (D:8)
  A necrophage (D:12)
  7 ogres
  3 eyes of draining
  13 centaurs
  A crocodile (D:11)
  5 big kobolds
  17 bullfrogs
  A wyvern zombie (D:14)
  3 gnoll sergeants (D:12)
  4 scorpions
  3 killer bees (D:8)
  9 wights
  6 electric eels
  2 bullfrog zombies
  4 centaur zombies
  2 quasits
  4 jellies
  A wyvern simulacrum (D:14)
  A hound (D:7)
  3 centaur skeletons
  7 orc priests
  3 human zombies (Ossuary)
  A bullfrog skeleton (D:5)
  5 iguanas
  9 orc wizards
  21 worker ants
  A big kobold zombie (Ossuary)
  A hound zombie (D:8)
  5 mummies (Ossuary)
  A howler monkey zombie (D:5)
  A worker ant zombie (D:11)
  13 gnolls
  13 adders
  6 shadow imps
  7 white imps
  4 ufetubi
  An adder skeleton (D:4)
  4 worms
  5 dart slugs
  2 leopard geckos
  60 orcs
  8 giant cockroaches
  3 gnoll zombies
  18 goblins
  14 hobgoblins
  11 jackals
  3 quokkas
  11 bats
  2 frilled lizards
  A goblin zombie (Ossuary)
  13 kobolds
  An orc zombie (Ossuary)
  A quokka skeleton (D:4)
  4 rats
504 creatures vanquished.

Vanquished Creatures (others)
  A yak (D:14)
  19 demonic plants (Gauntlet)
  8 fungi (Gauntlet)
  6 plants (Gauntlet)
34 creatures vanquished.

Grand Total: 538 creatures vanquished

Notes
Turn   | Place    | Note
-------+----------+-------------------------------------------
     0 | D:1      | xip the Spriggan Berserker began the quest for the Orb.
     0 | D:1      | Reached XP level 1. HP: 11/11 MP: 2/2
   449 | D:1      | Reached XP level 2. HP: 16/16 MP: 3/3
   635 | D:1      | Reached skill level 5 in Dodging
  1166 | D:2      | Reached XP level 3. HP: 18/19 MP: 4/4
  1864 | D:2      | Reached ** piety under Trog
  2001 | D:2      | Reached XP level 4. HP: 23/23 MP: 5/5
  2094 | D:2      | Found a faded altar of an unknown god.
  2094 | D:2      | Found a snail-covered altar of Cheibriados.
  2108 | D:2      | Found a hazy altar of Hepliaklqana.
  2112 | D:2      | Found a glowing silver altar of Zin.
  2114 | D:2      | Found a faded altar of an unknown god.
  2157 | D:2      | Reached skill level 1 in Stealth
  2417 | D:2      | You fall into a shaft and drop 1 floor!
  2608 | D:3      | Found a sacrificial altar of Ru.
  3021 | D:3      | Reached skill level 2 in Stealth
  3021 | D:3      | Reached XP level 5. HP: 19/28 MP: 6/6
  3046 | D:3      | Reached skill level 5 in Short Blades
  3553 | D:3      | Found a shimmering blue altar of Sif Muna.
  3641 | D:3      | Found a faded altar of an unknown god.
  3707 | D:3      | Found a glowing golden altar of the Shining One.
  3707 | D:3      | Found an ornate altar of the Wu Jian Council.
  3723 | D:3      | Noticed p0werm0de's ghost (amateur MiFi)
  3726 | D:3      | Found a runed translucent door.
  3760 | D:3      | Reached *** piety under Trog
  4270 | D:3      | Found a basalt altar of Yredelemnul.
  4486 | D:4      | Noticed Grinder
  4501 | D:4      | Killed Grinder
  4501 | D:4      | Reached skill level 1 in Throwing
  4501 | D:4      | Reached skill level 3 in Stealth
  4501 | D:4      | Reached XP level 6. HP: 26/32 MP: 7/7
  4674 | D:4      | Reached skill level 1 in Shields
  5004 | D:4      | Reached skill level 4 in Stealth
  5004 | D:4      | Reached XP level 7. HP: 36/36 MP: 8/8
  5207 | D:4      | Found Byogyrch's Magic Scroll Shop.
  5214 | D:4      | Bought a scroll of teleportation for 36 gold pieces
  5621 | D:4      | Found a staircase to the Ecumenical Temple.
  5649 | D:5      | Entered Level 5 of the Dungeon
  6259 | D:5      | Reached skill level 5 in Stealth
  6273 | D:5      | Reached **** piety under Trog
  6718 | D:5      | Found a shadowy altar of Dithmenos.
  6896 | D:6      | Reached XP level 8. HP: 41/41 MP: 9/9
  6917 | D:6      | Got a twitching tin ring
  6919 | D:6      | Identified the ring of Wuenorah {rF+ rC+ rN+ Stlth+} (You
                  | found it on level 6 of the Dungeon)
  7036 | D:6      | Got an ominously black robe
  7049 | D:6      | Found a sand-covered staircase.
  7065 | Ossuary  | Entered an ossuary
  7080 | Ossuary  | Identified the +2 robe of Ganicul {-Cast rCorr Dex+6} (You
                  | found it on level 6 of the Dungeon)
  7126 | Ossuary  | Reached skill level 6 in Stealth
  7546 | D:6      | Reached skill level 7 in Stealth
  7578 | D:6      | Found Wevuud Obbu's Magic Scroll Shop.
  7584 | D:6      | Bought a scroll of magic mapping for 35 gold pieces
  7584 | D:6      | Bought a scroll of brand weapon for 200 gold pieces
  8335 | D:7      | Reached XP level 9. HP: 45/45 MP: 10/10
  8503 | D:7      | Reached skill level 8 in Stealth
  9561 | D:8      | Found a runed translucent gate.
  9561 | D:8      | Found a runed translucent gate.
  9561 | D:8      | Found a runed translucent gate.
  9692 | D:8      | Found a staircase to the Lair.
  9737 | D:8      | Reached ***** piety under Trog
  9776 | D:8      | Reached skill level 9 in Stealth
  9825 | D:8      | Noticed Joseph
  9865 | D:8      | Killed Joseph
  9982 | D:8      | Reached XP level 10. HP: 51/51 MP: 11/11
  9990 | D:8      | Reached skill level 5 in Throwing
 10169 | D:8      | Got a warped buckler
 10180 | D:8      | Identified the +1 buckler of Daisies {-Cast Rampage +Inv
                  | Str+6} (You found it on level 8 of the Dungeon)
 10547 | D:8      | Noticed a white ugly thing
 10547 | D:8      | Noticed a purple ugly thing
 10552 | D:8      | Noticed a green ugly thing
 10591 | D:8      | Noticed a glowing orange brain
 10701 | D:8      | Reached skill level 1 in Evocations
 10969 | D:8      | Killed a green ugly thing
 10969 | D:8      | Reached skill level 10 in Stealth
 11060 | D:8      | Killed a cyan ugly thing
 11060 | D:8      | Reached skill level 1 in Long Blades
 11116 | D:8      | Found a runed translucent gate.
 11116 | D:8      | Found a runed translucent gate.
 11119 | D:8      | Noticed a fire crab
 11119 | D:8      | Noticed sigonnn's ghost (novice GrFi)
 11120 | D:8      | Found a runed translucent gate.
 11133 | D:8      | Noticed a lindwurm
 11133 | D:8      | a jumping spider changed into a lindwurm
 11236 | D:9      | Received a gift from Trog
 11633 | D:9      | Noticed a two-headed ogre
 11665 | D:9      | Killed a two-headed ogre
 11665 | D:9      | Reached skill level 5 in Fighting
 11665 | D:9      | Reached skill level 10 in Dodging
 11688 | D:9      | Got a sparkling wooden ring
 11864 | D:10     | Entered Level 10 of the Dungeon
 11882 | D:10     | Identified the ring of Wanna {Ice Int+2} (You found it on
                  | level 9 of the Dungeon)
 11902 | D:10     | Found a flagged portal.
 11915 | Bailey   | Entered a bailey
 11922 | Bailey   | Reached skill level 11 in Stealth
 12019 | Bailey   | Found an iron altar of Okawaru.
 12053 | Bailey   | Noticed an orange demon
 12054 | Bailey   | Noticed an orc knight
 12063 | Bailey   | Killed an orc knight
 12063 | Bailey   | Reached XP level 11. HP: 55/55 MP: 12/12
 12142 | Bailey   | Reached skill level 5 in Shields
 12676 | Bailey   | Reached skill level 5 in Evocations
 13220 | Bailey   | Acquired a manual of Armour
 13533 | D:10     | Noticed a death knight
 13559 | D:10     | Killed a death knight
 13679 | D:10     | Reached skill level 12 in Stealth
 14397 | D:8      | Killed a glowing orange brain
 14397 | D:8      | Reached skill level 13 in Stealth
 14465 | D:8      | Killed a cyan ugly thing
 15279 | D:11     | Reached XP level 12. HP: 60/61 MP: 13/13
 15383 | D:11     | Reached skill level 14 in Stealth
 15564 | D:11     | Noticed Snorg
 15582 | D:11     | Killed Snorg
 15678 | D:11     | Received a gift from Trog
 15779 | D:12     | Acquired 1200 gold pieces
 15839 | D:12     | Noticed a two-headed ogre
 15852 | D:12     | Killed a two-headed ogre
 15880 | D:12     | Noticed a four-headed hydra
 15917 | D:12     | Killed a four-headed hydra
 15945 | D:12     | Found a gate leading to a gauntlet.
 15950 | Gauntlet | Entered a Gauntlet
 15950 | Gauntlet | Found a transporter.
 15987 | Gauntlet | Found a transporter.
 16002 | Gauntlet | Found a transporter.
 16007 | Gauntlet | Found a transporter.
 16024 | Gauntlet | Found a transporter.
 16041 | Gauntlet | Found a transporter.
 16045 | Gauntlet | Noticed a great orb of eyes
 16053 | Gauntlet | Found a transporter.
 16061 | Gauntlet | Found a large runed translucent door.
 16062 | Gauntlet | Found a large runed translucent door.
 16063 | Gauntlet | Found a large runed translucent door.
 16063 | Gauntlet | Found a large runed translucent door.
 16064 | Gauntlet | Found a runed translucent gate.
 16065 | Gauntlet | Found a transporter.
 16065 | Gauntlet | Found a runed translucent gate.
 16066 | Gauntlet | Found a runed translucent gate.
 16067 | Gauntlet | Found a large runed translucent door.
 16067 | Gauntlet | Found a large runed translucent door.
 16067 | Gauntlet | Found a runed translucent door.
 16067 | Gauntlet | Found a runed translucent door.
 16068 | Gauntlet | Found a large runed translucent door.
 16069 | Gauntlet | Found a large runed translucent door.
 16071 | Gauntlet | Found a transporter.
 16071 | Gauntlet | Found a transporter.
 16076 | Gauntlet | Found a large runed translucent door.
 16076 | Gauntlet | Found a large runed translucent door.
 16077 | Gauntlet | Found a large runed translucent door.
 16078 | Gauntlet | Found a large runed translucent door.
 16086 | Gauntlet | Found a transporter.
 16088 | Gauntlet | Found a large runed translucent door.
 16088 | Gauntlet | Found a large runed translucent door.
 16089 | Gauntlet | Found a large runed translucent door.
 16090 | Gauntlet | Found a large runed translucent door.
 16092 | Gauntlet | Found a transporter.
 16107 | Gauntlet | Found a transporter.
 16108 | Gauntlet | Noticed a catoblepas
 16113 | Gauntlet | Found a transporter.
 16152 | Gauntlet | Found a transporter.
 16179 | Gauntlet | Found a transporter.
 16199 | Gauntlet | Found a transporter.
 16364 | Gauntlet | Found a transporter.
 16367 | Gauntlet | Reached skill level 15 in Stealth
 16381 | Gauntlet | Got an ichor-stained broad axe
 16794 | Gauntlet | Got a slimy hat
 16805 | Gauntlet | Identified the +1 hat of Good Intentions {+Inv rC+++ Int+4
                  | Stlth-} (You found it in a Gauntlet)
 16810 | Gauntlet | Gained mutation: Your spells are a little harder to cast,
                  | but a little more powerful. [potion of mutation]
 16810 | Gauntlet | Gained mutation: You tend to lose your temper in combat.
                  | [potion of mutation]
 16810 | Gauntlet | Gained mutation: You have sharp fingernails. [potion of
                  | mutation]
 16810 | Gauntlet | Gained mutation: You have a pair of small antennae on your
                  | head. [potion of mutation]
 16811 | Gauntlet | Lost mutation: Your spells are a little harder to cast, but
                  | a little more powerful. [potion of mutation]
 16811 | Gauntlet | Lost mutation: You tend to lose your temper in combat.
                  | [potion of mutation]
 16811 | Gauntlet | Lost mutation: You have a pair of small antennae on your
                  | head. [potion of mutation]
 16811 | Gauntlet | Lost mutation: You have sharp fingernails. [potion of
                  | mutation]
 16811 | Gauntlet | Gained mutation: You expend magic power (3 MP) to
                  | strengthen your wands. [potion of mutation]
 16811 | Gauntlet | Gained mutation: You have a somewhat thin skeletal
                  | structure. (Dex +2, Stealth) [potion of mutation]
 16837 | Gauntlet | Noticed a minotaur
 16843 | Gauntlet | Killed a minotaur
 17254 | D:12     | Found a staircase to the Orcish Mines.
 17429 | D:12     | Lost mutation: You expend magic power (3 MP) to strengthen
                  | your wands. [potion of mutation]
 17429 | D:12     | Lost mutation: You have a somewhat thin skeletal structure.
                  | (Dex +2, Stealth) [potion of mutation]
 17429 | D:12     | Gained mutation: Your spells are a little harder to cast,
                  | but a little more powerful. [potion of mutation]
 17429 | D:12     | Gained mutation: You evolve. [potion of mutation]
 17429 | D:12     | Gained mutation: You are surrounded by a mild repulsion
                  | field. (EV +2) [potion of mutation]
 17429 | D:12     | Gained mutation: Your spells are harder to cast, but more
                  | powerful. [potion of mutation]
 17504 | D:13     | Reached skill level 16 in Stealth
 17597 | D:13     | Found Asoxtul's Antique Armour Emporium.
 17668 | D:13     | Noticed Rupert
 17670 | D:13     | Killed Rupert
 17670 | D:13     | Reached XP level 13. HP: 67/67 MP: 14/14
 17693 | D:13     | Reached ****** piety under Trog
 17728 | D:13     | Found Xatubb's General Store.
 17835 | D:13     | Found Darghimn's Antique Weapon Shop.
 17912 | D:13     | Bought a fading dagger for 231 gold pieces
 17914 | D:13     | Identified the cursed +1 dagger "Hutyahap" {vorpal, rF+}
                  | (You bought it in a shop on level 13 of the Dungeon)
 18034 | D:13     | Noticed Nessos
 18039 | D:13     | Noticed Nessos
 18039 | D:13     | Nessos changed into Nessos the swamp dragon
 18046 | D:13     | Killed Nessos the swamp dragon
 18046 | D:13     | Reached skill level 17 in Stealth
 18157 | D:13     | Received a gift from Trog
 18162 | D:13     | Got an iridescent eveningstar {god gift}
 18163 | D:13     | Identified the +11 eveningstar "Doahiecuhi" {flame, *Contam
                  | rC++ Str+3 Stlth+} (Trog gifted it to you on level 13 of
                  | the Dungeon)
 18542 | D:14     | Found a frozen archway.
 18558 | D:14     | Reached skill level 1 in Maces & Flails
 18563 | IceCv    | Entered an ice cave
 18573 | IceCv    | Found a transporter.
 18658 | IceCv    | Found a transporter.
 18995 | IceCv    | Lost mutation: You are surrounded by a mild repulsion
                  | field. (EV +2) [evolution]
 18995 | IceCv    | Lost mutation: You evolve. [end of evolution]
 18996 | IceCv    | Lost mutation: Your spells are harder to cast, but more
                  | powerful. [potion of mutation]
 18996 | IceCv    | Lost mutation: Your spells are a little harder to cast, but
                  | a little more powerful. [potion of mutation]
 18996 | IceCv    | Gained mutation: You are partially covered in icy blue
                  | scales. (AC +2) [potion of mutation]
 18996 | IceCv    | Gained mutation: You are clumsy. (Dex -2) [potion of
                  | mutation]
 18996 | IceCv    | Gained mutation: You are frail. (-10% HP) [potion of
                  | mutation]
 18996 | IceCv    | Lost mutation: You are clumsy. (Dex -2) [potion of
                  | mutation]
 19364 | D:14     | Reached skill level 5 in Maces & Flails
 19936 | D:14     | Found a gate to the Vaults.
 20240 | D:14     | Found a portal to a secret trove of treasure.
 20310 | D:14     | Found the +5 robe of Misfortune {*Contam Harm *Corrode
                  | *Drain *Slow EV+5}
 20671 | D:14     | Received a gift from Trog
 20676 | D:14     | Reached XP level 14. HP: 52/64 MP: 15/15
 20822 | D:14     | Found a runed translucent gate.
 20822 | D:14     | Found a runed translucent gate.
 20822 | D:14     | Found a runed translucent gate.
 20823 | D:14     | Noticed Usocoiph's ghost (adept HaHu)
 20876 | D:14     | Got an iridescent scimitar {god gift}
 20880 | D:14     | Identified the +10 scimitar "Cetedwul" {flame, rElec Str-4
                  | SInv} (Trog gifted it to you on level 14 of the Dungeon)
 21137 | D:15     | Entered Level 15 of the Dungeon
 21560 | D:15     | Lost mutation: You are frail. (-10% HP) [potion of
                  | mutation]
 21560 | D:15     | Lost mutation: You are partially covered in icy blue
                  | scales. (AC +2) [potion of mutation]
 21560 | D:15     | Gained mutation: Your spells are a little easier to cast,
                  | but a little less powerful. [potion of mutation]
 21560 | D:15     | Gained mutation: You are partially covered in icy blue
                  | scales. (AC +2) [potion of mutation]
 21560 | D:15     | Gained mutation: Your muscles are strong. (Str +2) [potion
                  | of mutation]
 21645 | D:15     | HP: 5/108 [meliai/+0 hand axe (2)]
 21648 | D:15     | HP: 2/108 [poisoned by a meliai]
 21650 | D:15     | Succumbed to a meliai's poison

Illustrated notes

Levels and vault maps discovered:
D:1:      minmay_arrival_up_and_down, layout_basic
D:2:      layout_basic, chequers_temple_overflow_minitemple
D:3:      layout_basic, lemuel_doored_altar, lemuel_zombie_altar_yredelemnul,
          gammafunk_temple_overflow_wave, hangedman_ru_absence,
          chequers_ecumenical_altar_lobes, hellmonk_ghost_happy_afterlife
D:4:      layout_loops_corners, minmay_temple_entry_enclosed_plants,
          serial_shops, shop, uniq_grinder
D:5:      layout_loops_ring, grunt_dithmenos_smoke_and_mirrors
D:6:      layout_basic, serial_shops, shop, enter_ossuary_3
D:7:      layout_basic
D:8:      layout_basic, lair_entry_dummy,
          ploomutoo_gammafunk_ghost_potion_laboratory, minmay_misc_feat_room,
          uniq_joseph
D:9:      layout_loops_cross
D:10:     layout_cave_pods, enter_bailey_2, minivault_14
D:11:     layout_basic, minivault_4, uniq_snorg
D:12:     layout_loops_ring, kennysheep_orc_monster_closet_entryway,
          gauntlet_entry_generic
D:13:     layout_loops_ring, serial_shops, shop, kennysheep_mini_moat, shop,
          patterned_corridor, uniq_rupert, uniq_nessos
D:14:     layout_roguey, david_vaults_5, serial_ice, serial_ice_n, serial_ice_a,
          serial_ice_j, serial_ice_c, serial_ice_h, serial_ice_d,
          portal_ice_cave_demonic_guard, trove_entry_hex_spiral,
          ebering_ghost_rock_garden, chequers_serial_rivers_micro_e
D:15:     gammafunk_enter_depths_forms, layout_basic,
          hangedman_abyss_or_decor_passed

Skill      XL: |  1  2  3  4  5  6  7  8  9 10 11 12 13 |
---------------+----------------------------------------+-----
Dodging        | 5 6 7 8 9 10 11 | 11.5
Short Blades   | 4 5 6 7 8 9 |  9.2
Stealth        | 2 3 4 5 7 9 11 13 16 17 | 17.1
Fighting       | 3 4 5 6 7 |  7.5
Throwing       | 1 3 4 6 7 |  7.1
Shields        | 1 2 3 4 5 6 7 |  7.1
Evocations     | 4 7 8 |  8.2
Long Blades    | 1 3 |  3.9
Maces & Flails | 7 |  7.8

Action                   |  1- 3 |  4- 6 |  7- 9 | 10-12 | 13-15 || total
-------------------------+-------+-------+-------+-------+-------++-------
Melee: Short sword       |   138 |    73 |    19 |    82 |       ||   312
       Dagger            |       |    88 |   499 |    11 |       ||   598
       Quick blade       |       |       |       |   573 |    51 ||   624
       Long sword        |       |       |       |    16 |       ||    16
       Eveningstar       |       |       |       |       |   229 ||   229
Throw: Dart              |       |    20 |    45 |    46 |     5 ||   116
       Boomerang         |       |       |       |     3 |       ||     3
Invok: Berserk           |     7 |     4 |     9 |    13 |    11 ||    44
       Trog's Hand       |       |       |     2 |     1 |     2 ||     5
 Abil: Evoke Invisibilit |       |       |       |     4 |       ||     4
Evoke: Wand              |       |       |       |       |     1 ||     1
  Use: Scroll            |       |     6 |    10 |    15 |     5 ||    36
       Potion            |       |       |     2 |     5 |     3 ||    10
 Stab: Sleeping          |     1 |     6 |    17 |    36 |    20 ||    80
       Distracted        |       |       |     2 |    16 |     2 ||    20
       Invisible         |       |       |     1 |     9 |       ||    10
       Confused          |       |       |       |       |     3 ||     3
       Petrified         |       |       |       |       |     2 ||     2
Armor: Animal skin       |     8 |     4 |     3 |       |       ||    15
       Robe              |       |       |     7 |     7 |    12 ||    26
Dodge: Dodged            |    99 |    80 |   236 |   190 |   278 ||   883
Block: Buckler           |    28 |    23 |    90 |    92 |   135 ||   368
       Rpst.: Long sword |       |       |       |     4 |       ||     4

Table legend: (Time is in decaauts)
 A = Elapsed time spent in this place.
 B = Non-inter-level travel time spent in this place.
 C = Inter-level travel time spent in this place.
 D = Time resting spent in this place.
 E = Time spent auto-exploring this place.
 F = Levels seen in this place.
 G = Mean time per level.
                   A        B        C        D        E       F      G
               +--------+--------+--------+--------+--------+-----+--------+
         Total |  17004 |  16565 |    439 |   7246 |   5773 |  19 |  894.9 |
       Dungeon |  14298 |  13859 |    439 |   5851 |   5375 |  15 |  953.2 |
       Ossuary |    351 |    351 |      0 |    110 |      0 |   1 |  351.0 |
        Bailey |   1179 |   1179 |      0 |    766 |    217 |   1 | 1179.0 |
      Ice Cave |    450 |    450 |      0 |    378 |      0 |   1 |  450.0 |
      Gauntlet |    723 |    723 |      0 |    140 |    180 |   1 |  723.0 |
               +--------+--------+--------+--------+--------+-----+--------+

Top non-repeatable levels by time:
    D:14: 1968 daAuts
     D:3: 1677 daAuts
     D:8: 1374 daAuts
     D:2: 1328 daAuts
  Bailey: 1179 daAuts
     D:7: 1004 daAuts
     D:5: 980 daAuts
     D:4: 899 daAuts
     D:1: 821 daAuts
    D:10: 807 daAuts
Gauntlet: 723 daAuts
    D:13: 702 daAuts
     D:6: 688 daAuts
    D:11: 675 daAuts
    D:12: 472 daAuts
